Map: Blueshift LE

Players

liquidthermy (uThermal)

  • Race: Terran Terran
  • League: Master
  • Spawn Location: 1:00

Serral - Winner!

  • Race: Zerg Zerg
  • League: Master
  • Spawn Location: 7:00

Event: HomeStory Cup XVIII

VOD

Have the link to the VOD?

Description

Time

  • Played on: Nov. 25, 2018, 9:07 a.m.
  • Length: 14:08

All games in this series

Show
View Real Time Build Order
Export as new Build Order

liquidthermy Terran 

Build Orders: Hellion Opening, Reaper Expand 

Get SALT Encoding   

  12  0:01  SCV  
  13  0:13  SCV  
  14  0:17  Supply Depot  
  14  0:25  SCV  
  15  0:38  SCV  
  15  0:40  Barracks  
  16  0:43  Refinery  
  16  0:50  SCV  
  17  1:03  SCV  
  18  1:15  SCV  
  19  1:27  Reaper, Orbital Command  
  20  1:40  Command Center  
  20  1:52  Supply Depot, SCV  
  21  1:59  Marine  
  22  2:05  SCV  
  23  2:09  Factory  
  23  2:15  Refinery  
  22  2:17  SCV  
  22  2:20  Barracks Reactor  
  23  2:29  SCV  
  24  2:41  SCV  
  25  2:53  SCV  
  25  2:56  Starport  
  26  3:03  Hellion x2  
  26  3:05  SCV  
  31  3:10  Orbital Command  
  31  3:11  Barracks Tech Lab  
  31  3:17  SCV  
  32  3:25  Hellion x2  
  36  3:35  Fusion Core  
  36  3:36  SCV x2  
  37  3:45  Supply Depot, Viking  
  39  3:49  SCV  
  39  3:52  SCV  
  39  3:54  Hellion  
  43  3:58  Hellion  
  45  4:04  Supply Depot, SCV  
  45  4:06  SCV  
  47  4:17  Hellion, SCV  
  49  4:20  Hellion  
  49  4:23  SCV  
  53  4:27  Supply Depot  
  53  4:33  Battlecruiser  
  53  4:36  SCV  
  53  4:37  SCV  
  61  4:44  Supply Depot  
  61  4:49  Hellion x2  
  61  4:52  SCV x2  
  67  4:55  Armory  
  65  5:04  SCV x2  
  67  5:12  Command Center  
  67  5:17  Hellion  
  67  5:19  Hellion  
  71  5:22  SCV  
  71  5:23  SCV  
  73  5:28  Refinery  
  73  5:29  Refinery  
  73  5:34  SCV  
  73  5:35  SCV  
  75  5:46  SCV  
  75  5:47  Barracks Tech Lab  
  75  5:48  SCV  
  77  5:50  Factory  
  77  5:51  Factory  
  77  5:55  Hellion  
  77  5:58  SCV  
  78  6:09  Terran Vehicle And Ship Armor Level 1  
  78  6:15  Supply Depot  
  78  6:17  Barracks Tech Lab  
  78  6:24  Orbital Command, Hellion, SCV x2  
  82  6:29  Hellion  
  82  6:36  SCV x2  
  84  6:44  Cyclone, Mag-Field Accelerator  
  84  6:45  Hellion  
  89  6:48  Infernal Pre-Igniter, Cyclone, SCV  
  89  6:50  Hellion  
  89  6:51  Orbital Command  
  89  6:52  Supply Depot  
  89  6:54  SCV  
  96  7:00  SCV  
  96  7:01  Supply Depot  
  97  7:10  Battlecruiser  
  97  7:13  SCV  
  104  7:17  Refinery  
  104  7:18  Refinery  
  104  7:22  Cyclone  
  107  7:27  Supply Depot  
  107  7:30  Hellion  
  107  7:32  Hellion  
  107  7:34  SCV x2  
  107  7:36  SCV  
  114  7:44  Supply Depot  
  114  7:46  SCV  
  114  7:47  SCV  
  114  7:50  Hellion  
  114  7:51  Hellion, SCV  
  119  7:56  Engineering Bay  
  119  7:57  Cyclone  
  124  7:58  SCV  
  124  8:04  SCV  
  126  8:06  Starport  
  126  8:07  Starport  
  126  8:09  Hellion  
  128  8:14  Cloaking Field  
  128  8:16  Banshee  
  128  8:19  Supply Depot  
  131  8:20  Hellion, Cyclone, SCV  
  131  8:25  SCV  
  138  8:32  Cyclone  
  141  8:38  Supply Depot  
  141  8:39  SCV x2  
  135  8:42  SCV  
  110  8:51  Hellion x2, SCV  
  110  8:52  Cyclone  
  110  8:55  Starport Tech Lab x2  
  115  8:57  Command Center  
  115  9:06  Command Center  
  115  9:09  Cyclone  
  118  9:10  Supply Depot x2, Banshee, Sensor Tower  
  118  9:14  Hyperflight Rotors  
  118  9:16  Banshee  
  124  9:21  Banshee  
  124  9:32  Hellion  
  124  9:38  Hellion, Cyclone  
  123  9:45  Factory x2  
  123  9:48  Cyclone  
  126  9:54  Supply Depot  
  126  9:55  Supply Depot, Terran Vehicle And Ship Armor Level 2  
  126  9:58  Hellion  
  128  10:00  Banshee  
  128  10:03  Banshee  
  134  10:07  Banshee  
  134  10:10  Planetary Fortress  
  137  10:17  Cyclone  
  122  10:21  Cyclone, Hellion  
  125  10:31  Hellion  
  125  10:32  Hellion  
  113  10:37  Factory Tech Lab  
  113  10:41  Command Center  
  113  10:43  Banshee  
  113  10:46  Banshee  
  116  10:51  Cyclone  
  116  10:52  Hellion, Banshee  
  116  10:54  Hellion  
  116  10:55  Hellion  
  116  10:56  Hellion  
  129  11:11  SCV x2  
  131  11:12  Supply Depot, Command Center  
  131  11:16  Supply Depot, Cyclone  
  131  11:18  Cyclone  
  137  11:23  Cyclone  
  140  11:26  Supply Depot  
  140  11:28  Factory Tech Lab  
  140  11:29  Factory Tech Lab  
  134  11:34  Engineering Bay  
  134  11:40  Hellion  
  134  11:41  Banshee x2  
  134  11:46  Banshee  
  143  11:48  Cyclone  
  143  11:50  Siege Tank  
  143  11:52  Supply Depot  
  149  12:05  Missile Turret, Cyclone  
  152  12:09  Cyclone  
  152  12:12  Cyclone  
  155  12:23  Cyclone x2  
  119  12:32  SCV  
  119  12:34  Command Center  
  120  12:37  Cyclone  
  123  12:48  Banshee x2  
  126  12:58  SCV x3  
  129  13:04  Cyclone  
  132  13:23  Cyclone  
  135  13:32  Cyclone  
Show
View Real Time Build Order
Export as new Build Order

Serral Zerg - Winner!

Build Orders: Pool First 

Get SALT Encoding   

  12  0:00  Drone  
  13  0:12  Overlord  
  13  0:16  Drone  
  14  0:30  Drone x2  
  16  0:40  Spawning Pool  
  15  0:44  Drone  
  15  0:48  Drone  
  17  1:09  Hatchery  
  17  1:11  Drone  
  17  1:25  Extractor  
  17  1:26  Zergling x2  
  17  1:27  Zergling x4  
  17  1:30  Queen  
  21  1:50  Overlord  
  21  1:51  Drone  
  22  2:07  Queen  
  24  2:09  Drone  
  24  2:10  Drone  
  26  2:21  Queen, Drone  
  29  2:25  Drone  
  30  2:30  Metabolic Boost  
  30  2:34  Drone x2  
  31  2:39  Drone x2  
  31  2:42  Drone  
  34  2:58  Overlord  
  34  3:04  Drone  
  34  3:05  Hatchery  
  33  3:06  Drone  
  33  3:08  Drone  
  35  3:16  Queen  
  35  3:19  Overlord  
  37  3:22  Drone  
  37  3:24  Drone  
  37  3:25  Drone  
  40  3:33  Drone, Zergling x4  
  43  3:41  Zergling x2  
  43  3:43  Overlord  
  43  3:44  Drone x2  
  46  3:49  Drone, Overlord  
  46  3:51  Zergling x2  
  46  3:55  Queen  
  50  3:58  Drone  
  50  4:02  Overlord  
  51  4:03  Drone  
  52  4:11  Zergling x2  
  52  4:14  Drone  
  52  4:15  Roach Warren  
  52  4:16  Overlord  
  53  4:20  Drone x2  
  53  4:21  Drone  
  56  4:25  Drone x3  
  59  4:33  Queen  
  59  4:35  Drone  
  59  4:36  Queen  
  64  4:38  Drone  
  64  4:41  Zergling x2  
  66  4:47  Overlord  
  66  4:48  Zergling x4  
  66  4:50  Overlord  
  68  4:58  Roach x4  
  68  4:59  Roach  
  78  5:03  Spore Crawler x2  
  78  5:05  Roach  
  78  5:10  Roach  
  78  5:12  Spore Crawler  
  78  5:13  Drone x3  
  78  5:14  Drone  
  82  5:16  Drone x2  
  82  5:19  Overlord  
  84  5:23  Lair  
  84  5:25  Drone  
  84  5:27  Drone x2  
  87  5:31  Drone  
  87  5:33  Roach, Spore Crawler  
  87  5:34  Drone  
  90  5:37  Extractor  
  90  5:38  Extractor  
  90  5:39  Overlord  
  88  5:46  Drone x3  
  88  5:49  Zergling x2  
  92  5:51  Drone x2, Roach  
  92  5:52  Drone x2  
  92  5:54  Overlord  
  92  5:55  Drone  
  99  6:02  Drone x2  
  99  6:03  Evolution Chamber x2  
  98  6:05  Drone  
  98  6:06  Extractor, Drone x2  
  98  6:07  Extractor  
  98  6:08  Extractor  
  98  6:09  Drone  
  99  6:14  Drone  
  99  6:15  Drone  
  99  6:17  Drone  
  102  6:21  Overseer  
  102  6:22  Glial Reconstitution  
  102  6:23  Overseer  
  102  6:24  Overlord  
  102  6:26  Roach x2  
  102  6:27  Drone x2  
  102  6:28  Drone  
  107  6:34  Zerg Missile Weapons Level 1  
  107  6:35  Drone x2  
  107  6:36  Drone  
  107  6:37  Overlord  
  110  6:42  Zergling x8  
  112  6:50  Drone x2  
  114  6:57  Hatchery  
  114  6:58  Zerg Melee Weapons Level 1  
  114  7:00  Overlord  
  113  7:04  Overlord  
  113  7:10  Spire  
  113  7:13  Queen x3, Baneling Nest  
  117  7:17  Roach x2  
  117  7:19  Overlord  
  121  7:23  Spore Crawler  
  121  7:29  Roach x3  
  126  7:33  Drone x3  
  126  7:34  Drone x5  
  134  7:38  Overlord  
  134  7:43  Overlord  
  133  7:46  Overlord  
  133  7:55  Drone x3  
  133  7:57  Centrifical Hooks  
  136  7:59  Baneling x6  
  136  8:00  Ravager x4  
  136  8:01  Drone x5  
  136  8:04  Extractor x2  
  143  8:08  Zergling x4  
  145  8:18  Overlord  
  145  8:22  Overlord  
  145  8:28  Baneling x5  
  145  8:29  Zergling x26  
  145  8:32  Ravager x4, Baneling x4  
  156  8:47  Zergling x14  
  158  9:02  Corruptor x5  
  168  9:07  Zerg Melee Weapons Level 2, Zerg Missile Weapons Level 2  
  168  9:08  Corruptor x3  
  174  9:12  Drone  
  174  9:13  Drone x2  
  174  9:15  Corruptor  
  174  9:16  Corruptor  
  181  9:18  Overlord  
  181  9:29  Drone x4  
  181  9:35  Overseer, Drone x4  
  181  9:38  Roach x6  
  191  9:47  Hatchery  
  191  9:48  Baneling x13  
  190  9:56  Drone  
  190  9:57  Infestation Pit, Drone  
  191  10:01  Zergling x2  
  191  10:03  Baneling x5  
  191  10:09  Baneling x13  
  190  10:19  Zergling x26  
  188  10:33  Zergling x16  
  188  10:41  Baneling x28  
  187  10:44  Zergling x10  
  185  10:56  Extractor  
  175  10:58  Corruptor x3  
  175  11:00  Overseer  
  175  11:03  Drone x3  
  184  11:04  Zergling x2  
  184  11:05  Zergling x8  
  184  11:07  Pneumatized Carapace  
  186  11:13  Hive  
  186  11:18  Drone x3  
  188  11:19  Spore Crawler  
  188  11:21  Overseer  
  188  11:22  Overseer  
  188  11:23  Drone  
  189  11:33  Extractor  
  189  11:35  Baneling x9  
  189  11:36  Overlord  
  189  11:37  Extractor  
  189  11:38  Drone x2, Spine Crawler  
  189  11:39  Drone  
  188  11:47  Zergling x2  
  188  11:50  Baneling x10  
  189  11:56  Baneling x7  
  189  11:59  Spore Crawler  
  189  12:00  Drone x4, Spore Crawler  
  191  12:07  Corruptor x2  
  195  12:09  Zergling x4  
  195  12:11  Baneling x7  
  194  12:27  Zergling x6  
  161  12:31  Zergling x26  
  161  12:32  Zergling x10  
  161  12:35  Overseer x2  
  170  12:40  Overseer  
  170  12:41  Roach x2  
  170  12:42  Overlord x3, Roach x2  
  172  12:50  Baneling  
  172  12:51  Baneling x8  
  166  12:54  Ravager, Roach x3  
  173  12:59  Overlord x3  
  173  13:03  Baneling x4  
  173  13:13  Hatchery  
  173  13:16  Overseer x2  
  173  13:17  Baneling x2  
  173  13:18  Baneling x13  
  172  13:26  Roach x5  
  182  13:29  Baneling x8  
  177  13:39  Zergling x18  
Tags
 
Add a new tag
Caveats
  • Supply blocks, unpowered buildings, or Contaminate may cause inaccurate times.
  • Supply counts are checked every 10 seconds.